 Dungeon Crawl Stone Soup version 0.23.2-33-g5129a83 (webtiles) character file.

Game seed: 1648407643714591334

36 Fortress the Firebug (level 3, -1/26 HPs)
             Began as a Draconian Fire Elementalist on Aug 6, 2019.
             Was an Initiate of Vehumet.
             Slain by a worm (10 damage)
             ... on level 2 of the Dungeon.
             The game lasted 00:03:25 (1056 turns).

Fortress the Firebug (Draconian Fire Elementalist)  Turns: 1056, Time: 00:03:26

Health: -1/26      AC:  5    Str: 10    XL:     3   Next: 19%
Magic:  6/6        EV: 12    Int: 16    God:    Vehumet [......]
Gold:   89         SH:  0    Dex: 11    Spells: 5/6 levels left

rFire    . . .     SeeInvis .   e - +0 dagger
rCold    . . .     Gourm    .   (no shield)
rNeg     . . .     Faith    .   (armour unavailable)
rPois    .         Spirit   .   (helmet restricted)
rElec    .         Reflect  .   (no cloak)
rCorr    .         Harm     .   (no gloves)
MR       .....                  (no boots)
Stlth    ++........             (no amulet)
HPRegen  0.08/turn              (no ring)
MPRegen  0.10/turn              (no ring)

@: no status effects
A: unfitting armour, cold-blooded, AC +5
a: Renounce Religion


You were on level 2 of the Dungeon.
You worshipped Vehumet.
Vehumet was noncommittal.
You were very hungry.

You visited 1 branch of the dungeon, and saw 2 of its levels.

You collected 89 gold pieces.

Inventory:

Hand Weapons
 e - a +0 dagger (weapon)
Jewellery
 d - an uncursed amulet of guardian spirit {unknown}
Scrolls
 a - 2 scrolls of fog {unknown}
 c - 4 scrolls of identify {unknown}
Potions
 f - a potion of heal wounds {unknown}
 g - a potion of flight {unknown}
 h - a potion of invisibility {unknown}
Comestibles
 b - 4 rations


   Skills:
 + Level 2.1 Dodging
 + Level 1.8 Stealth
 + Level 2.4 Spellcasting
 + Level 1.2 Conjurations
 + Level 3.6 Fire Magic


You had 5 spell levels left.
You knew the following spells:

 Your Spells              Type           Power        Failure   Level  Hunger
a - Flame Tongue          Conj/Fire      #....        8%          1    #......

Your spell library contained the following spells:

 Spells                   Type           Power        Failure   Level  Hunger
 Throw Flame              Conj/Fire      #.....       11%         2    ###....
 Conjure Flame            Conj/Fire      #.......     22%         3    ###....
 Inner Flame              Hex/Fire       #.......     28%         3    ###....
 Sticky Flame             Conj/Fire      #.......     58%         4    #####..
 Fireball                 Conj/Fire      #.........   90%         5    ######.


Dungeon Overview and Level Annotations

Branches:
Dungeon (2/15)

Altars:
Vehumet


Innate Abilities, Weirdness & Mutations

Your plain brown scales are hard. (AC +5)
You cannot fit into any form of body armour.
You are cold-blooded and may be slowed by cold attacks.


Message History

You hit the worm.
The worm is moderately wounded.
A jackal comes into view.
The jackal barks!
You hit the worm.
The worm is heavily wounded.
The worm bites you but does no damage.
The jackal barks!
You hit the worm.
The worm is heavily wounded.
A jackal comes into view.
The jackal barks!
You hit the worm.
The worm is severely wounded.
The worm bites you!
You hit the worm.
The worm is almost dead.
A worm comes into view.
The worm bites you!
You die...

.........#
.....?..###
##........## ##.
#.......#..###...
#.......#.......
#.......○○......
#....)○.○..#
##....._...#
#######@w.○.$.##
w...hh..#☼...○###
.....h...######..
# ......#...###
#.# #.
...r.$#.....###.#
#.
...$..###....##.#
#. .....
..###..##.### #.
.....
#...........#####.
....
######............


You could see 2 worms, 3 jackals and a rat.

Vanquished Creatures
  An adder (D:2)
  A dart slug (D:1)
  A leopard gecko (D:1)
  2 ball pythons (D:1)
  2 giant cockroaches (D:1)
  4 hobgoblins
  4 bats (D:1)
  2 frilled lizards (D:1)
  2 goblins
  3 kobolds
  2 rats (D:1)
24 creatures vanquished.

Notes
Turn   | Place    | Note
-------+----------+-------------------------------------------
     0 | D:1      | Fortress the Draconian Fire Elementalist began the quest
                  | for the Orb.
     0 | D:1      | Reached XP level 1. HP: 14/14 MP: 3/3
   279 | D:1      | Reached XP level 2. HP: 20/20 MP: 1/5
   956 | D:2      | Reached XP level 3. HP: 25/26 MP: 0/6
  1028 | D:2      | Found a radiant altar of Vehumet.
  1042 | D:2      | Became a worshipper of Vehumet
  1056 | D:2      | Slain by a worm

Skill      XL: |  1 |
---------------+----+-----
Dodging        | 2 |  2.1
Stealth        | |  1.8
Spellcasting   | |  2.4
Conjurations   | |  1.2
Fire Magic     | |  3.6

Action                   || total
-------------------------++-------
Melee: Dagger            ||     7
 Cast: Flame Tongue      ||    39
Armor: Skin              ||     7
Dodge: Dodged            ||     7
